 Dungeon Crawl Stone Soup version 0.23.2-1-ga50397a6bc (webtiles) character file.

Game seed: 13010411447663501839

297 Marnok the Ducker (level 6, -2/28 HPs)
             Began as a Felid Berserker on Apr 20, 2019.
             Was a Priest of Trog.
             Slain by a mummy (14 damage)
             ... in an ossuary.
             The game lasted 00:11:40 (3641 turns).

Marnok the Ducker (Felid Berserker)                 Turns: 3641, Time: 00:11:41

Health: -2/28      AC:  2    Str: 14    XL:     6   Next: 12%
Magic:  7/7        EV: 21    Int:  8    God:    Trog [***...]
Gold:   240        SH:  0    Dex: 17    Spells: 5/5 levels left
                                        Lives:  0   Deaths: 1

rFire    . . .     SeeInvis +     - Unarmed
rCold    . . .     Gourm    .   (shield unavailable)
rNeg     . . .     Faith    .   (armour unavailable)
rPois    .         Spirit   .   (helmet unavailable)
rElec    .         Reflect  .   (cloak unavailable)
rCorr    .         Harm     .   (gloves unavailable)
MR       .....                  (boots unavailable)
Stlth    ++++......             (no amulet)
HPRegen  0.09/turn              (no ring)
MPRegen  0.10/turn              (no ring)

@: quick
A: very small, no armour, no weapons or thrown items, stealth, claws 1, fangs 3,
camouflage 1, see invisible, carnivore, speed 1, mutation resistance 1, shaggy
fur 2, slow metabolism 1, sharp paws
a: Berserk, Trog's Hand, Renounce Religion


You were in an ossuary.
You worshipped Trog.
Trog was most pleased with you.
You were not hungry.

You visited 1 branch of the dungeon, and saw 4 of its levels.
You also visited: Ossuary.

You collected 240 gold pieces.

Inventory:

Scrolls
 c - a scroll of noise {unknown}
 d - 2 scrolls of remove curse
 f - a scroll of fear
 h - a scroll of random uselessness
 i - a scroll of amnesia {unknown}
 m - a scroll of enchant weapon {unknown}
Potions
 e - 2 potions of cancellation
 j - 2 potions of curing
 p - 2 potions of brilliance
Comestibles
 a - 3 rations


   Skills:
 + Level 3.8 Fighting
 + Level 6.0 Dodging
 + Level 4.2 Stealth
 + Level 6.0 Unarmed Combat


You had 5 spell levels left.
You didn't know any spells.
Your spell library contained the following spells:

 Spells                   Type           Power        Failure   Level  Hunger
 Magic Dart               Conj           #...         41%         1    ##.....
 Blink                    Tloc           N/A          54%         2    ###....
 Call Imp                 Summ           #.......     54%         2    ###....
 Slow                     Hex            #.......     54%         2    ###....
 Conjure Flame            Conj/Fire      #.......     78%         3    ####...
 Mephitic Cloud           Conj/Pois/Air  #.......     78%         3    ####...


Dungeon Overview and Level Annotations

Branches:
Dungeon (4/15)
 Temple: D:4-7

Altars:
Gozag
Yredelemnul
The Shining One


Innate Abilities, Weirdness & Mutations

You cannot wear armour.
You are incapable of wielding weapons or throwing items.
Your paws allow you to move quietly. (Stealth)
You have sharp claws.
You have razor-sharp teeth.
You have supernaturally acute eyesight. (SInv)
You are carnivorous and can eat meat at any time.
You cover ground quickly.
You are covered in thick fur. (AC +2)
You have a slow metabolism.
Your sharp claws are effective at attacking unaware monsters.
Your skin changes colour to match your surroundings (Stealth+).
You are somewhat resistant to further mutation.


Message History

You scratch the human zombie.
You destroy the human zombie!
Trog accepts your kill.
There is an open door, spattered with blood here.
You see here the felid corpse of Marnok.
You open the door.
A mummy comes into view.
Found a scroll labeled QOSTEG PUJEKLI.
There is an open door here.
You scratch the mummy but do no damage. You bite the mummy.
The mummy is lightly damaged.
The mummy hits you!
Ouch! That really hurt!
You barely miss the mummy.
The mummy is lightly damaged.
You claw the mummy! Your bite misses the mummy.
The mummy is heavily damaged.
The mummy hits you!
Ouch! That really hurt!
You die...

#......########......#
#....................#
#....................#
#......########......#
#...#### +.####...#
#..## #.####....##..#
#..# +..........†..#
#..## ####....##..#
#...#### #?M@.####...#
#......########......#
#....................#
#....................#
######################


You could see a mummy.

Vanquished Creatures
  An elf zombie (Ossuary)
  2 centaur zombies (Ossuary)
  2 human zombies (Ossuary)
  An orc priest (D:3)
  3 orc wizards (D:3)
  2 big kobold zombies (Ossuary)
  2 hound zombies (Ossuary)
  A mummy (Ossuary)
  An adder (D:3)
  7 gnolls
  An adder zombie (Ossuary)
  2 worms (D:2)
  2 dart slugs
  2 leopard geckos
  4 orcs (D:3)
  2 ball pythons
  12 bats
  2 giant cockroaches (D:2)
  2 gnoll zombies (Ossuary)
  6 goblins
  5 hobgoblins
  4 frilled lizards
  2 goblin zombies (Ossuary)
  2 hobgoblin zombies (Ossuary)
  4 jackal zombies (Ossuary)
  6 kobolds
  5 kobold zombies (Ossuary)
  3 quokka zombies (Ossuary)
  7 rats
  2 rat zombies (Ossuary)
  A bush (D:1)
98 creatures vanquished.

Vanquished Creatures (others)
  A plant (D:1)
1 creature vanquished.

Grand Total: 99 creatures vanquished

Notes
Turn   | Place    | Note
-------+----------+-------------------------------------------
     0 | D:1      | Marnok the Felid Berserker began the quest for the Orb.
     0 | D:1      | Reached XP level 1. HP: 10/10 MP: 2/2
   217 | D:1      | Reached XP level 2. HP: 13/14 MP: 3/3
  1343 | D:2      | Reached XP level 3. HP: 16/17 MP: 4/4
  1506 | D:2      | Found an opulent altar of Gozag.
  1643 | D:2      | Reached ** piety under Trog
  1669 | D:2      | Reached skill level 5 in Dodging
  1671 | D:2      | Reached XP level 4. HP: 12/21 MP: 5/5
  1934 | D:2      | Reached skill level 1 in Stealth
  2597 | D:3      | Reached XP level 5. HP: 24/24 MP: 6/6
  3162 | D:3      | Reached skill level 5 in Unarmed Combat
  3227 | D:3      | Found an opulent altar of Gozag.
  3227 | D:3      | Found a glowing golden altar of the Shining One.
  3229 | D:3      | Found a basalt altar of Yredelemnul.
  3334 | D:4      | Found a sand-covered staircase.
  3338 | Ossuary  | Entered an ossuary
  3364 | Ossuary  | Gained mutation: You are covered in thick fur. (AC +2)
                  | [Felid growth]
  3364 | Ossuary  | Reached XP level 6. HP: 9/28 MP: 7/7
  3376 | Ossuary  | Gained mutation: You possess an exceptional clarity of
                  | mind. [potion of mutation]
  3376 | Ossuary  | Gained mutation: You are somewhat resistant to further
                  | mutation. [potion of mutation]
  3383 | Ossuary  | Reached *** piety under Trog
  3516 | Ossuary  | Lost mutation: You are somewhat resistant to further
                  | mutation. [potion of mutation]
  3516 | Ossuary  | Lost mutation: You possess an exceptional clarity of mind.
                  | [potion of mutation]
  3516 | Ossuary  | Gained mutation: Your skin changes colour to match your
                  | surroundings (Stealth+). [potion of mutation]
  3516 | Ossuary  | Gained mutation: You are somewhat resistant to further
                  | mutation. [potion of mutation]
  3574 | Ossuary  | Slain by a human zombie
  3575 | Ossuary  | Reached XP level 5. HP: -1/25 MP: 6/6
  3578 | Ossuary  | Reached XP level 6. HP: 28/28 MP: 7/7
  3641 | Ossuary  | Slain by a mummy

Skill      XL: |  1  2  3  4  5  6 |
---------------+-------------------+-----
Dodging        | 5 6 |  6.0
Stealth        | 2 3 4 |  4.2
Unarmed Combat | 4 5 6 |  6.0
Fighting       | |  3.8

Action                   |  1- 3 |  4- 6 || total
-------------------------+-------+-------++-------
Melee: Unarmed           |   217 |   186 ||   403
       Bite              |    47 |    29 ||    76
       Punch             |     3 |     4 ||     7
Invok: Berserk           |     1 |     5 ||     6
  Use: Scroll            |       |     7 ||     7
       Potion            |       |     7 ||     7
 Stab: Sleeping          |     1 |    11 ||    12
  Eat: Chunk             |     8 |     8 ||    16
Armor: Skin              |     4 |    12 ||    16
Dodge: Dodged            |    84 |   165 ||   249
